DSL
DSL CHICAGO (A) WHITE SOX @ DSL COLORADO ROCKIES
06/17/2042
 
TOP OF THE 1ST
DSL Chicago (A) White Sox batting - Pitching for DSL Colorado Rockies : LHP José Rosas
Pitching: LHP José Rosas
Batting: RHB Juan López 0-0: Ball
1-0: Ball
2-0: Called Strike
2-1: Foul Ball, location: 5SF
2-2: Ground out 1-3 (Groundball, 13S, EV 70.6 MPH)
Batting: RHB Alain Verdier 0-0: Called Strike
0-1: Ball
1-1: Ball
2-1: Ball
3-1: Base on Balls
Batting: RHB José Gutiérrez 0-0: Called Strike
Alain Verdier is caught stealing 2nd base 2-4
0-1: Ball
1-1: Ball
2-1: Ball
3-1: Base on Balls
Batting: RHB Artie Russell 0-0: Called Strike
0-1: Ball
1-1: Called Strike
1-2: Ball
2-2: SINGLE (Groundball, 3, EV 84.4 MPH)
José Gutiérrez to second
Runner from 2nd tries for 3rd, SAFE, throw by RF made to third
Batting: SHB Don Pierce 0-0: Ball
1-0: Ball
2-0: Ball
3-0: Base on Balls
Artie Russell to second
Batting: RHB Dane Gilmore 0-0: Called Strike
0-1: Ball
1-1: Called Strike
1-2: Strikes out swinging
Top of the 1st over - 0 runs, 1 hit, 0 errors, 3 left on base; DSL Chicago (A) 0 - DSL Colorado 0
BOTTOM OF THE 1ST
DSL Colorado Rockies batting - Pitching for DSL Chicago (A) White Sox : RHP Juan Carlos Jiménez
Pitching: RHP Juan Carlos Jiménez
Batting: RHB Anastasio Parra 0-0: Ball
1-0: Called Strike
1-1: Swinging Strike
1-2: Foul Ball, location: 3SF
1-2: Strikes out looking
Batting: RHB Aurelio González 0-0: Foul Ball, location: 7LMF
0-1: Called Strike
0-2: Foul Ball, location: 2F
0-2: Strikes out looking
Batting: RHB Pat Sweeney 0-0: Called Strike
0-1: Ball
1-1: Foul Ball, location: 7LMF
1-2: Foul Ball, location: 2F
1-2: Ground out 6-3 (Groundball, 6, EV 85.0 MPH)
Bottom of the 1st over - 0 runs, 0 hits, 0 errors, 0 left on base; DSL Chicago (A) 0 - DSL Colorado 0
TOP OF THE 2ND
DSL Chicago (A) White Sox batting - Pitching for DSL Colorado Rockies : LHP José Rosas
Batting: LHB Jesús Meza 0-0: Ball
1-0: Called Strike
1-1: Ball
2-1: Swinging Strike
2-2: Ball
3-2: Base on Balls
Batting: RHB Enrico Martínez 0-0: Ball
1-0: Ball
2-0: Bunted foul
2-1: Sac Bunt to 15S - play at second, runner OUT! 1-6
Batting: RHB Greg Gill 0-0: Ball
1-0: Ball
2-0: Grounds into double play, 5-4-3 (Groundball, 56S, EV 84.4 MPH)
Top of the 2nd over - 0 runs, 0 hits, 0 errors, 0 left on base; DSL Chicago (A) 0 - DSL Colorado 0
BOTTOM OF THE 2ND
DSL Colorado Rockies batting - Pitching for DSL Chicago (A) White Sox : RHP Juan Carlos Jiménez
Batting: LHB David Salinas 0-0: Ball
1-0: Foul Ball, location: 2F
1-1: Swinging Strike
1-2: Ball
2-2: Strikes out looking
Batting: RHB José Ramírez 0-0: Called Strike
0-1: Foul Ball, location: 23FF
0-2: Ball
1-2: Foul Ball, location: 9LDF
1-2: Ball
2-2: Ball
3-2: Strikes out looking
Batting: RHB Leonardo Córdova 0-0: Ball
1-0: Swinging Strike
1-1: Foul Ball, location: 5FF
1-2: Strikes out swinging
Bottom of the 2nd over - 0 runs, 0 hits, 0 errors, 0 left on base; DSL Chicago (A) 0 - DSL Colorado 0
TOP OF THE 3RD
DSL Chicago (A) White Sox batting - Pitching for DSL Colorado Rockies : LHP José Rosas
Batting: RHB Juan López 0-0: Ball
1-0: Fly out, F9 (Flyball, 89S, EV 93.8 MPH)
Batting: RHB Alain Verdier 0-0: Swinging Strike
0-1: SINGLE (Groundball, 13S, EV 63.1 MPH) (infield hit)
Batting: RHB José Gutiérrez 0-0: Foul Ball, location: 2F
0-1: Ball
1-1: Called Strike
1-2: Ball
2-2: Strikes out swinging
Batting: RHB Artie Russell 0-0: Foul Ball, location: 2F
0-1: 2-RUN HOME RUN (Flyball, 78XD, EV 98.8 MPH), Distance : 381 ft
Batting: SHB Don Pierce 0-0: Ball
1-0: Ball
2-0: Called Strike
2-1: DOUBLE (Line Drive, 3D, EV 98.1 MPH)
Batting: RHB Dane Gilmore 0-0: Called Strike
0-1: Ball
1-1: Ball
2-1: Swinging Strike
2-2: Ball
3-2: Foul Ball, location: 9LSF
3-2: Ground out U3 (Groundball, 3, EV 61.3 MPH)
Top of the 3rd over - 2 runs, 3 hits, 0 errors, 1 left on base; DSL Chicago (A) 2 - DSL Colorado 0
BOTTOM OF THE 3RD
DSL Colorado Rockies batting - Pitching for DSL Chicago (A) White Sox : RHP Juan Carlos Jiménez
Batting: RHB Luis Penhascos 0-0: Ball
1-0: Called Strike
1-1: Ball
2-1: Foul Ball, location: 2F
2-2: Strikes out looking
Batting: LHB Alfredo Mota 0-0: Called Strike
0-1: Foul Ball, location: 2F
0-2: Ball
1-2: Strikes out looking and he ARGUES THE CALL AND IS TOSSED!
Batting: RHB Luis Fuentes 0-0: Ball
1-0: Ball
2-0: Called Strike
2-1: Swinging Strike
2-2: Strikes out swinging
Bottom of the 3rd over - 0 runs, 0 hits, 0 errors, 0 left on base; DSL Chicago (A) 2 - DSL Colorado 0
TOP OF THE 4TH
DSL Chicago (A) White Sox batting - Pitching for DSL Colorado Rockies : LHP José Rosas
Now at 1B: Luis Rosales
Now in RF: Anastasio Parra
Batting: LHB Jesús Meza 0-0: Ball
1-0: Called Strike
1-1: Ground out 5-3 (Groundball, 56S, EV 78.1 MPH)
Batting: RHB Enrico Martínez 0-0: SOLO HOME RUN (Flyball, 9LD, EV 95.0 MPH), Distance : 345 ft
Batting: RHB Greg Gill 0-0: Ball
1-0: Ball
2-0: SINGLE (Line Drive, 56, EV 101.9 MPH)
Batting: RHB Juan López 0-0: Called Strike
0-1: Ball
1-1: Foul Ball, location: 2F
1-2: Foul Ball, location: 5F
1-2: Ball
2-2: Ball
3-2: Foul Ball, location: 2F
3-2: Foul Ball, location: 23FF
3-2: Foul Ball, location: 7LDF
3-2: Fielders Choice at 2nd, 6-4 (Groundball, 6, EV 80.6 MPH)
Pitching: RHP Jesús Quintanilla
Batting: RHB Alain Verdier 0-0: Called Strike
Juan López steals 2nd base
0-1: Foul Ball, location: 5FF
0-2: Ball
1-2: SINGLE (Groundball, 4MD, EV 101.3 MPH)
Juan López to third
Runner from 3rd tries for Home, throw by CF and OUT! 8-2
Top of the 4th over - 1 run, 3 hits, 0 errors, 1 left on base; DSL Chicago (A) 3 - DSL Colorado 0
BOTTOM OF THE 4TH
DSL Colorado Rockies batting - Pitching for DSL Chicago (A) White Sox : RHP Juan Carlos Jiménez
Batting: RHB Anastasio Parra 0-0: Ball
1-0: Called Strike
1-1: Foul Ball, location: 2LF
1-2: Strikes out swinging
Batting: RHB Aurelio González 0-0: Foul Ball, location: 9LDF
0-1: Ball
1-1: Swinging Strike
1-2: Foul Ball, location: 2F
1-2: Strikes out looking
Batting: RHB Pat Sweeney 0-0: Ball
1-0: Foul Ball, location: 2F
1-1: Ball
2-1: Called Strike
2-2: Foul Ball, location: 2F
2-2: Strikes out swinging
Bottom of the 4th over - 0 runs, 0 hits, 0 errors, 0 left on base; DSL Chicago (A) 3 - DSL Colorado 0
TOP OF THE 5TH
DSL Chicago (A) White Sox batting - Pitching for DSL Colorado Rockies : RHP Jesús Quintanilla
Batting: RHB José Gutiérrez 0-0: Fly out, F9 (Flyball, 89M, EV 91.3 MPH)
Batting: RHB Artie Russell 0-0: Ball
1-0: Swinging Strike
1-1: Ball
2-1: Foul Ball, location: 5SF
2-2: Strikes out swinging
Batting: SHB Don Pierce 0-0: Foul Ball, location: 2F
0-1: Ball
1-1: Ball
2-1: Foul Ball, location: 3FF
2-2: Ball
3-2: Base on Balls
Batting: RHB Dane Gilmore 0-0: Called Strike
0-1: Ground out 5-3 (Groundball, 56S, EV 86.9 MPH)
Top of the 5th over - 0 runs, 0 hits, 0 errors, 1 left on base; DSL Chicago (A) 3 - DSL Colorado 0
BOTTOM OF THE 5TH
DSL Colorado Rockies batting - Pitching for DSL Chicago (A) White Sox : RHP Juan Carlos Jiménez
DELAY Rain delay of 15 minutes in the 5th inning.
Batting: LHB David Salinas 0-0: Foul Ball, location: 2F
0-1: Called Strike
0-2: Ball
1-2: Ball
2-2: Ball
3-2: Strikes out swinging
Batting: RHB José Ramírez 0-0: Called Strike
0-1: Called Strike
0-2: Strikes out looking
Batting: RHB Leonardo Córdova 0-0: Called Strike
0-1: Swinging Strike
0-2: Foul Ball, location: 3F
0-2: Ball
1-2: Ball
2-2: Strikes out swinging
Bottom of the 5th over - 0 runs, 0 hits, 0 errors, 0 left on base; DSL Chicago (A) 3 - DSL Colorado 0
TOP OF THE 6TH
DSL Chicago (A) White Sox batting - Pitching for DSL Colorado Rockies : RHP Jesús Quintanilla
Batting: LHB Jesús Meza 0-0: Ground out 3-1 (Groundball, 34, EV 108.1 MPH)
Batting: RHB Enrico Martínez 0-0: DOUBLE (Line Drive, 78M, EV 100.6 MPH)
Batting: RHB Greg Gill 0-0: Ball
1-0: Called Strike
1-1: 2-RUN HOME RUN (Flyball, 89XD, EV 96.9 MPH), Distance : 378 ft
Batting: RHB Juan López 0-0: TRIPLE (Line Drive, 9D, EV 107.5 MPH)
Batting: RHB Alain Verdier 0-0: Foul Ball, location: 9LDF
0-1: Swinging Strike
0-2: Strikes out swinging
Batting: RHB José Gutiérrez 0-0: Foul Ball, location: 5F
0-1: Fly out, F9 (Flyball, 9S, EV 94.4 MPH)
Top of the 6th over - 2 runs, 3 hits, 0 errors, 1 left on base; DSL Chicago (A) 5 - DSL Colorado 0
BOTTOM OF THE 6TH
DSL Colorado Rockies batting - Pitching for DSL Chicago (A) White Sox : RHP Juan Carlos Jiménez
Batting: RHB Luis Penhascos 0-0: Ball
1-0: Called Strike
1-1: Ball
2-1: Called Strike
2-2: Foul Ball, location: 9LMF
2-2: Foul Ball, location: 5DF
2-2: Ball
3-2: Base on Balls
Batting: RHB Luis Rosales 0-0: Called Strike
0-1: Ball
1-1: Swinging Strike
1-2: Ball
2-2: Strikes out swinging
Batting: RHB Luis Fuentes 0-0: Ball
1-0: Swinging Strike
1-1: Foul Ball, location: 2RF
1-2: Ball
2-2: Strikes out swinging
Batting: RHB Anastasio Parra 0-0: Ball
1-0: Ground out 6-3 (Groundball, 56, EV 101.3 MPH)
Bottom of the 6th over - 0 runs, 0 hits, 0 errors, 1 left on base; DSL Chicago (A) 5 - DSL Colorado 0
TOP OF THE 7TH
DSL Chicago (A) White Sox batting - Pitching for DSL Colorado Rockies : RHP Jesús Quintanilla
Batting: RHB Artie Russell 0-0: Ball
1-0: SINGLE (Groundball, 6MD, EV 98.8 MPH)
Batting: SHB Don Pierce 0-0: Ball
1-0: Called Strike
1-1: Foul Ball, location: 5FF
1-2: Foul Ball, location: 2F
1-2: Fielders Choice at 2nd, 4-6 (Groundball, 4, EV 85.6 MPH)
Batting: RHB Dane Gilmore 0-0: Foul Ball, location: 3FF
0-1: Ball
Don Pierce is caught stealing 2nd base 2-4
1-1: Ball
2-1: Ball
3-1: Base on Balls
Batting: LHB Jesús Meza 0-0: Ball
1-0: Fielders Choice at 2nd, 6-4 (Groundball, 6, EV 81.9 MPH)
Top of the 7th over - 0 runs, 1 hit, 0 errors, 1 left on base; DSL Chicago (A) 5 - DSL Colorado 0
BOTTOM OF THE 7TH
DSL Colorado Rockies batting - Pitching for DSL Chicago (A) White Sox : RHP Juan Carlos Jiménez
Batting: RHB Aurelio González 0-0: Swinging Strike
0-1: Swinging Strike
0-2: Ball
1-2: Foul Ball, location: 2F
1-2: Ball
2-2: Ball
3-2: Strikes out swinging
Batting: RHB Pat Sweeney 0-0: Called Strike
0-1: Foul Ball, location: 5F
0-2: Foul Ball, location: 9LSF
0-2: Ball
1-2: Strikes out swinging
Batting: LHB David Salinas 0-0: Ball
1-0: SINGLE (Groundball, 56S, EV 65.6 MPH) (infield hit)
Pitching: RHP Manny Aponte
Batting: RHB José Ramírez 0-0: Ball
1-0: Foul Ball, location: 2F
1-1: Ball
2-1: Foul Ball, location: 25F
2-2: Strikes out looking
Bottom of the 7th over - 0 runs, 1 hit, 0 errors, 1 left on base; DSL Chicago (A) 5 - DSL Colorado 0
TOP OF THE 8TH
DSL Chicago (A) White Sox batting - Pitching for DSL Colorado Rockies : RHP Jesús Quintanilla
Batting: RHB Enrico Martínez 0-0: Ball
1-0: Called Strike
1-1: Ball
2-1: Foul Ball, location: 9LMF
2-2: Ball
3-2: Base on Balls
Pitching: LHP Sergio Huerta
Batting: RHB Greg Gill 0-0: Ball
1-0: Swinging Strike
1-1: Swinging Strike
1-2: Strikes out swinging
Batting: RHB Juan López 0-0: Ball
1-0: Ball
2-0: Ball
3-0: Base on Balls
Enrico Martínez to second
Batting: RHB Alain Verdier 0-0: Ball
1-0: Foul Ball, location: 3SF
1-1: Foul Ball, location: 9LDF
1-2: Strikes out swinging
Batting: RHB José Gutiérrez 0-0: Ball
1-0: DOUBLE (Line Drive, 78XD, EV 105.0 MPH)
Enrico Martínez scores
Juan López to third
Runner from 3rd tries for Home, SAFE, no throw by LF
Pinch Hitting: RHB Ken Welch 0-0: Ball
1-0: Called Strike
1-1: Foul Ball, location: 2F
1-2: Ball
2-2: Ball
3-2: Base on Balls
Batting: SHB Don Pierce 0-0: Ball
1-0: Called Strike
1-1: Ball
2-1: Called Strike
2-2: Ball
3-2: Base on Balls
José Gutiérrez to third
Ken Welch to second
Batting: RHB Dane Gilmore 0-0: Ball
1-0: Called Strike
1-1: Ball
2-1: Called Strike
2-2: Ball
3-2: Base on Balls
José Gutiérrez scores
Ken Welch to third
Don Pierce to second
Batting: LHB Jesús Meza 0-0: Swinging Strike
0-1: Ball
1-1: Ball
2-1: SINGLE (Line Drive, 89M, EV 88.1 MPH)
Ken Welch scores
Don Pierce to third
Dane Gilmore to second
Runner from 3rd tries for Home, SAFE, throw by CF to home
Pitching: RHP Luis Flores
Batting: RHB Enrico Martínez 0-0: Called Strike
0-1: Ball
1-1: Ball
2-1: Called Strike
2-2: Fly out, F6 (Popup, 6MS, EV 80.6 MPH)
Top of the 8th over - 5 runs, 2 hits, 0 errors, 2 left on base; DSL Chicago (A) 10 - DSL Colorado 0
BOTTOM OF THE 8TH
DSL Colorado Rockies batting - Pitching for DSL Chicago (A) White Sox : RHP Manny Aponte
Now at 3B: Ken Welch
Batting: LHB Raúl Rodríguez 0-0: Ball
1-0: Swinging Strike
1-1: Ball
2-1: DOUBLE (Flyball, 8LD, EV 110.0 MPH)
Pinch Hitting: LHB Luis Salazar 0-0: Ball
1-0: Swinging Strike
1-1: Foul Ball, location: 2LF
1-2: Ball
2-2: Foul Ball, location: 2F
2-2: Strikes out swinging
Batting: RHB Luis Rosales 0-0: Called Strike
0-1: Foul Ball, location: 2F
0-2: Ball
1-2: Ball
2-2: Strikes out looking
Pinch Hitting: RHB Luis Díaz 0-0: Ball
1-0: Swinging Strike
1-1: Ball
2-1: Ball
3-1: Called Strike
3-2: Strikes out swinging
Bottom of the 8th over - 0 runs, 1 hit, 0 errors, 1 left on base; DSL Chicago (A) 10 - DSL Colorado 0
TOP OF THE 9TH
DSL Chicago (A) White Sox batting - Pitching for DSL Colorado Rockies : RHP Luis Flores
Pitching: RHP António Reyes
Now in LF: Desi Hinojosa
Now in CF: Anastasio Parra
Now in RF: Luis Salazar
Pinch Hitting: LHB José Morán 0-0: Ball
1-0: Ball
2-0: Ball
3-0: Foul Ball, location: 2F
3-1: Base on Balls
Pinch Hitting: RHB José Morán 0-0: Ball
1-0: Called Strike
1-1: Ground out 3-1 (Groundball, 34S, EV 89.4 MPH)
José Morán to second
Pinch Hitting: RHB Luis Aguilera 0-0: Ball
1-0: Ball
2-0: Foul Ball, location: 2F
2-1: SINGLE (Groundball, 6M, EV 104.4 MPH) (infield hit)
José Morán to third
Batting: RHB José Gutiérrez 0-0: Ball
1-0: SINGLE (Flyball, 34D, EV 93.1 MPH)
José Morán scores
Luis Aguilera to second
Pinch Hitting: LHB Liam Lyons 0-0: Called Strike
0-1: Ball
1-1: Ball
2-1: Ball
3-1: Base on Balls
Luis Aguilera to third
José Gutiérrez to second
Pinch Hitting: RHB Luis Serrano 0-0: Ball
1-0: Foul Ball, location: 2F
1-1: SINGLE (Line Drive, 6MD, EV 95.6 MPH)
Luis Aguilera scores
José Gutiérrez to third
Liam Lyons to second
Pinch Hitting: LHB Luis Rivera 0-0: Swinging Strike
0-1: SINGLE (Line Drive, 89S, EV 91.9 MPH)
José Gutiérrez scores
Liam Lyons to third
Luis Serrano to second
Pinch Hitting: SHB Ron Peters 0-0: Called Strike
0-1: Called Strike
0-2: Ball
1-2: Strikes out swinging
Batting: RHB Enrico Martínez 0-0: Called Strike
0-1: Swinging Strike
0-2: Strikes out swinging
Top of the 9th over - 3 runs, 4 hits, 0 errors, 3 left on base; DSL Chicago (A) 13 - DSL Colorado 0
BOTTOM OF THE 9TH
DSL Colorado Rockies batting - Pitching for DSL Chicago (A) White Sox : RHP Manny Aponte
Now at C: Ron Peters
Now at 2B: Luis Serrano
Now at 3B: Lanny Petersen
Now at SS: Luis Aguilera
Now in LF: José Morán
Now in CF: José Morán
Now in RF: Luis Rivera
Pinch Hitting: SHB Juan Méndez 0-0: Called Strike
0-1: Ball
1-1: Foul Ball, location: 2F
1-2: Ball
2-2: Strikes out swinging
Batting: RHB Aurelio González 0-0: Ball
1-0: Foul Ball, location: 9LMF
1-1: Ball
2-1: Ground out 4-3 (Groundball, 4, EV 90.0 MPH)
Pinch Hitting: RHB Anastasio Castillo 0-0: Called Strike
0-1: Swinging Strike
0-2: Strikes out swinging
Bottom of the 9th over - 0 runs, 0 hits, 0 errors, 0 left on base; DSL Chicago (A) 13 - DSL Colorado 0
Friday, May 3rd , 2024 - OOTP Baseball 24.10 Build 82